 Dungeon Crawl Stone Soup version 0.30.1-11-g7821555f0a (webtiles) character file.

Game seed: 16789802816859752193

3369 Arctor the Trooper (level 10, -4/79 HPs)
             Began as a Human Fighter on Jan 12, 2024.
             Was a Believer of Ashenzari.
             Slain by a yak (12 damage)
             ... on level 8 of the Dungeon.
             The game lasted 00:11:56 (5756 turns).

Arctor the Trooper (Human Fighter)                  Turns: 5756, Time: 00:11:57

Health: -4/79      AC: 16    Str: 21    XL:     10   Next: 23%
Magic:  10/10      EV:  6    Int:  9    God:    Ashenzari [**....]
Gold:   334        SH:  6    Dex: 12    Spells: 9/9 levels left

rFire   + . .        a - +0 war axe (freeze)
rCold   . . .        c - +0 buckler
rNeg    . . .        B - +0 plate armour "Omniscient Mistrust" {Cun, Fort} (curse)
rPois   .            (no helmet)
rElec   .            q - +0 cloak "Shattered Together" {Evo, Melee} (curse)
rCorr   .            y - +0 pair of gloves of Cremastomancy {Alch, Cun} (curse)
SInv    +            (no boots)
Will    .....        j - amulet "Ruined Together" {Regen+, Alch, Bglg} (curse) Stlth
                     f - ring of protection from fire
HPRegen 1.13/turn    A - ring of flight
MPRegen 0.12/turn

%: no passive effects
@: flying
A: no striking features
a: Renounce Religion, Shatter the Chains


You were on level 8 of the Dungeon.
You worshipped Ashenzari.
Ashenzari was pleased with you.
You visited 1 branch of the dungeon, and saw 8 of its levels.

You collected 334 gold pieces.

Inventory:

Hand Weapons
 a - a +0 war axe of freezing (weapon)
Missiles
 e - 2 throwing nets (quivered)
Armour
 b - a +0 scale mail
 c - a +0 buckler (worn)
 q - the cursed +0 cloak "Shattered Together" (worn) {Evo, Melee}
   (You found it on level 5 of the Dungeon)

   It has a curse which improves the following skills: Evocations: Evocations.
   Melee Combat: Short Blades, Long Blades, Axes, Maces & Flails, Polearms,
   Staves and Unarmed Combat.
 y - the cursed +0 pair of gloves of Cremastomancy (worn) {Alch, Cun}
   (You found it on level 6 of the Dungeon)

   It has a curse which improves the following skills: Alchemy: Poison Magic and
   Transmutations.
   Cunning:   Dodging and Stealth.
 B - the cursed +0 plate armour "Omniscient Mistrust" (worn) {Cun, Fort}
   (You found it on level 6 of the Dungeon)

   It has a curse which improves the following skills: Cunning: Dodging and
   Stealth.
   Fortitude: Armour and Shields.
Jewellery
 f - a ring of protection from fire (left hand)
 j - the cursed amulet "Ruined Together" (around neck) {Regen+, Alch, Bglg}
   (You found it on level 3 of the Dungeon)

   [amulet of regeneration]

   Regen:     It increases your rate of health regeneration.
   It has a curse which improves the following skills: Alchemy: Poison Magic and
   Transmutations.
   Beguiling: Conjurations, Hexes and Translocations.
 A - a ring of flight (right hand)
Wands
 u - a wand of iceblast (4)
 z - a wand of paralysis (11)
Scrolls
 g - 3 scrolls of fog
 i - a scroll of amnesia
 l - 2 scrolls of fear
 o - 4 scrolls of teleportation
 p - 7 scrolls of identify
 t - a scroll of silence
 C - a scroll of acquirement
Potions
 d - 2 potions of might
 h - 2 potions of invisibility
 k - 6 potions of curing
 m - a potion of heal wounds
 n - 3 potions of flight
 r - a potion of resistance
 s - 3 potions of lignification
 v - 2 potions of magic
 w - 2 potions of brilliance
 x - a potion of berserk rage


   Skills:
 + Level 7.6 Fighting
 + Level 7.2(8.4) Axes
 + Level 7.6(8.8) Armour
 + Level 7.5(8.7) Shields


You had 9 spell levels left.
You didn't know any spells.
Your spell library contained the following spells:

 Spells                   Type           Power      Damage    Failure   Level
 Foxfire                  Conj/Fire      0%         2x1d4     100%        1
 Fireball                 Conj/Fire      0%         3d3       100%        5
 Plasma Beam              Fire/Air       0%         2x1d11    100%        6
 Starburst                Conj/Fire      0%         6d3       100%        6


Dungeon Overview and Level Annotations

Branches:
Dungeon (8/15)             Temple (0/1) D:4
   Lair: D:8-11

Altars:
Ashenzari
Cheibriados
Fedhas
Trog
Wu Jian
Yredelemnul

Annotations:
D:7 2 transporters, RancidPinata's ghost, weakling OpDe


Message History

You hit the yak. You freeze the yak. The yak gores you but does no damage.
The yak gores you! The yak gores you but does no damage.
You block the yak's attack.
Unknown command.
You completely miss the yak.
The yak is lightly wounded.
You hit the yak. You freeze the yak. You slash the yak! You freeze the yak.
You hit the yak. You freeze the yak. The yak gores you.
The yak gores you but does no damage. x3
Unknown command.
You hit the yak. You freeze the yak.
You kill the yak!
You hit the yak but do no damage. You hit the yak. You freeze the yak.
You hit the yak. You freeze the yak. You block the yak's attack.
The yak gores you but does no damage. You block the yak's attack.
The yak gores you but does no damage. The yak gores you. x2
* * * LOW HITPOINT WARNING * * *
Your base Axes skill increases to level 7!
You barely miss the yak.
The yak is severely wounded.
You hit the yak. You freeze the yak. You hit the yak. You freeze the yak.
The yak gores you but does no damage. The yak barely misses you.
The yak gores you!
* * * LOW HITPOINT WARNING * * *
Unknown command.
You slash the yak! You freeze the yak.
You kill the yak!
You hit the yak. You freeze the yak. You slash the yak! You freeze the yak.
You kill the yak!
The yak barely misses you.
Unknown command.
You slash the yak! You freeze the yak.
The yak is severely wounded.
The yak gores you.
* * * LOW HITPOINT WARNING * * *
Unknown command.
You hit the yak. You freeze the yak.
The yak is severely wounded.
The yak gores you!
You die...

, , ,
#....##...#........# ,
,
,,+.........#........#
, #....##...##.......#
, #
#....##...########## *
..##.........##..
.................. , *
,..................
,........##...##... ,
,......†@##...#*...
.......Y†....# *##* ,
..##...>##..$#* , #
*#....##....., #.....
..... , *
..>...,,,,.., , *
#.....# + # * #.....#
* , ,, *


You could see a yak.

Vanquished Creatures
  Grinder (D:4)
  4 yaks (D:8)
  Eustachio (D:6)
  2 water moccasins (D:7)
  A black bear (D:7)
  3 ice beasts (D:6)
  A sky beast (D:7)
  A centaur (D:7)
  2 kobold brigands
  3 bullfrogs (D:7)
  A gnoll sergeant (D:7)
  5 scorpions
  A howler monkey (D:5)
  A jelly (D:7)
  An iron imp (D:6)
  8 hounds
  5 orc priests
  A gnoll bouda (D:4)
  2 sleepcaps
  An iguana (D:5)
  6 orc wizards
  10 gnolls
  2 adders
  A shadow imp (D:6)
  A white imp (D:6)
  An ufetubus (D:6)
  2 worms
  A dart slug (D:1)
  30 orcs
  11 endoplasms
  3 giant cockroaches (D:4)
  8 goblins
  5 hobgoblins
  2 jackals (D:3)
  8 quokkas
  11 ball pythons
  7 bats
  3 frilled lizards
  15 kobolds
  2 rats
174 creatures vanquished.

Notes
Turn   | Place    | Note
-------+----------+-------------------------------------------
     0 | D:1      | Arctor the Human Fighter began the quest for the Orb.
     0 | D:1      | Reached XP level 1. HP: 18/18 MP: 1/1
    76 | D:1      | Reached XP level 2. HP: 21/24 MP: 2/2
   255 | D:1      | Reached XP level 3. HP: 28/29 MP: 3/3
  1048 | D:2      | Reached XP level 4. HP: 34/35 MP: 4/4
  1956 | D:3      | Found a faded altar of an unknown god.
  2018 | D:3      | Prayed at the altar of an unknown god.
  2018 | D:3      | Became a worshipper of Ashenzari the Shackled
  2377 | D:4      | Reached XP level 5. HP: 42/42 MP: 5/5
  2403 | D:4      | Noticed a kobold brigand
  2417 | D:4      | Killed a kobold brigand
  2486 | D:4      | Reached XP level 6. HP: 44/48 MP: 6/6
  2546 | D:4      | Reached * piety under Ashenzari
  2574 | D:4      | Noticed Grinder
  2599 | D:4      | Killed Grinder
  2600 | D:4      | Reached XP level 7. HP: 7/55 MP: 7/7
  2730 | D:4      | Found a staircase to the Ecumenical Temple.
  3055 | D:5      | Entered Level 5 of the Dungeon
  3114 | D:5      | Reached skill level 5 in Fighting
  3114 | D:5      | Reached skill level 5 in Armour
  3156 | D:5      | Found an ornate altar of the Wu Jian Council.
  3211 | D:5      | Reached skill level 5 in Shields
  3211 | D:5      | Reached XP level 8. HP: 47/62 MP: 8/8
  3775 | D:5      | Found a broken altar of Ashenzari.
  3775 | D:5      | Found a basalt altar of Yredelemnul.
  4062 | D:6      | Reached ** piety under Ashenzari
  4080 | D:6      | Reached skill level 5 in Axes
  4460 | D:6      | Found a snail-covered altar of Cheibriados.
  4461 | D:6      | Noticed Eustachio
  4486 | D:6      | Killed Eustachio
  4487 | D:6      | Reached XP level 9. HP: 69/69 MP: 9/9
  5040 | D:7      | Noticed a two-headed ogre
  5043 | D:7      | Noticed RancidPinata's ghost (weakling OpDe)
  5048 | D:7      | Noticed a moth of wrath
  5052 | D:7      | Found a bloodstained altar of Trog.
  5055 | D:7      | Found a transporter.
  5186 | D:7      | Found a blossoming altar of Fedhas.
  5187 | D:7      | Identified a scroll of acquirement
  5290 | D:7      | Reached XP level 10. HP: 50/79 MP: 10/10
  5437 | D:7      | Found a transporter.
  5756 | D:8      | Slain by a yak

Illustrated notes

Levels and vault maps discovered:
D:1:      sevenhm_arrival_forest_fort_small_6, layout_rooms, chequers_big_river
D:2:      layout_loops_ring
D:3:      layout_loops_corners, shapermc_ecumenical_altar_venn
D:4:      layout_cave_pools, minmay_temple_entry_ruins,
          chequers_serial_rivers_micro_b, nicolae_zen_rock_garden,
          minmay_surrounded, uniq_grinder
D:5:      layout_basic, nicolae_wu_jian_immortal_techniques,
          gammafunk_temple_overflow_wave
D:6:      layout_basic, slow_altar_1, uniq_eustachio
D:7:      layout_basic, gammafunk_ghost_wrathful_warriors, minmay_ruined_shrine
D:8:      layout_gridville

Skill      XL: |  1  2  3  4  5  6  7  8  9 10 |
---------------+-------------------------------+-----
Axes           | 3 4 5 6 7 |  7.2
Armour         | 4 5 6 7 |  7.6
Fighting       | 4 5 6 7 |  7.6
Shields        | 4 5 6 7 |  7.5

Action                     |  1- 3 |  4- 6 |  7- 9 | 10-12 || total
---------------------------+-------+-------+-------+-------++-------
  Melee: War axe           |    89 |   111 |   310 |    24 ||   534
 Invoke: Curse Item        |       |     2 |     3 |       ||     5
         Shatter the Chain |       |       |     1 |       ||     1
    Use: Scroll            |     1 |     6 |       |       ||     7
         Potion            |       |     6 |       |       ||     6
 Armour: Scale mail        |    43 |    56 |    97 |       ||   196
         Plate armour      |       |       |   138 |    17 ||   155
  Dodge: Dodged            |    46 |    55 |   136 |     8 ||   245
  Block: Buckler           |    29 |    21 |    80 |     8 ||   138
